 Yiufcrawl Soup (a DCSS fork) version 1.5.2b1-yiuf-19-g91104ff (webtiles) character file.

76 Fisto the Shooter (level 4, -2/30 HPs)
             Began as a Sludge Elf Hunter on Nov 10, 2017.
             Was an Initiate of Okawaru.
             Killed by divine providence
             ... invoked by an orc priest
              (9 damage)
             ... on level 3 of the Dungeon.
             The game lasted 00:11:52 (2024 turns).

Fisto the Shooter (Sludge Elf Hunter)               Turns: 2024, Time: 00:11:53

Health: -2/30      AC:  6    Str: 14    XL:     4   Next: 12%
Magic:  5/5        EV: 11    Int:  9    God:    Okawaru [......]
Gold:   137        SH:  0    Dex: 15    Spells: 3/3 levels left

rFire    . . .     SeeInvis .   a - +1 shortbow
rCold    . . .     Gourm    .   (shield currently unavailable)
rNeg     . . .     Faith    .   k - +0 ring mail
rPois    .         Spirit   .   g - +1 hat
rElec    .         Reflect  .   (no cloak)
rCorr    .         Harm     .   (no gloves)
MR       .....     Clarity  +   (no boots)
Stlth    +.........             o - amulet of regeneration
Regen    0.5/turn               (no ring)
MPRegen  0.1/turn               (no ring)

@: about to teleport
A: clarity, evolution 2
a: Renounce Religion, Convert to Beogh


You were on level 3 of the Dungeon.
You worshipped Okawaru.
Okawaru was noncommittal.
You were not hungry.

You visited 1 branch of the dungeon, and saw 3 of its levels.

You collected 137 gold pieces.

Inventory:

Hand Weapons
 a - a +1 shortbow (weapon)
 b - a +0 quarterstaff
Missiles
 d - 86 arrows (quivered)
Armour
 g - a +1 hat (worn)
 k - a +0 ring mail (worn)
Jewellery
 o - an amulet of regeneration (around neck)
Scrolls
 l - 7 scrolls of identify {unknown}
 m - a scroll of enchant armour {unknown}
 n - 2 scrolls of immolation {unknown}
 s - a scroll of noise {unknown}
 t - a scroll of remove curse {unknown}
Potions
 e - a potion of mutation {unknown}
 h - 2 potions of invisibility {unknown}
 j - a potion of berserk rage {unknown}
 p - a potion of lignification {unknown}
 q - a potion of cancellation
 r - 2 potions of magic {unknown}
Comestibles
 f - 2 bread rations
 i - 2 royal jellies


   Skills:
 + Level 2.5 Fighting
   Level 0.2 Axes
 + Level 5.3 Bows
 + Level 0.8 Armour
 + Level 2.0 Dodging
 + Level 1.1 Stealth


You had 3 spell levels left.
You didn't know any spells.

Dungeon Overview and Level Annotations

Branches:
Dungeon (3/15)

Altars:
Gozag
Kikubaaqudgha
Okawaru
Wu Jian


Innate Abilities, Weirdness & Mutations

You rapidly evolve.
You possess an exceptional clarity of mind.


Message History

You shoot an arrow. The arrow barely misses the orc priest.
The orc throws a tomahawk.
The tomahawk hits you but does no damage.
The orc priest mumbles some strange prayers to Beogh against you.
Beogh smites you!
Firing (i - inventory):
d - 87 arrows (quivered)
Press: ? - help, Shift-Dir - straight line, f/p - orc priest
Aim: an orc priest, wielding a club (heavily wounded)
You shoot an arrow. The arrow hits the orc priest.
The orc priest is almost dead.
The orc throws a tomahawk.
The tomahawk hits you.
The orc priest looks braver for a moment.
The orc priest invokes the aid of Beogh against you.
Pain shoots through your body!
* * * LOW HITPOINT WARNING * * *
As you read the scroll labeled PUVYGG KYHEHAWYSE, it crumbles to dust.
You feel strangely unstable.
It was a scroll of teleportation.
The orc priest calls down the wrath of Beogh upon you.
Beogh smites you!
You die...

#.####+##...###
#. #..##
##....###.
##...##
##.......
#.....##
##..###.
#..##..##
##..##.
#..#....+
++..#.
#..#...## ....
#..#..## ....
#.@..## )...
##o.## .##.
#oo##
#[(.......
#.#..##... #.
.... #. (.###
#. .(# .. ..(


You could see an orc priest and 2 orcs.

Vanquished Creatures
  A gnoll (D:1)
  3 adders
  2 leopard geckos (D:2)
  5 giant cockroaches (D:1)
  5 hobgoblins
  5 bats
  7 frilled lizards
  4 goblins
  4 kobolds
  6 rats
42 creatures vanquished.

Notes
Turn   | Place    | Note
-------+----------+-------------------------------------------
     0 | D:1      | Fisto the Sludge Elf Hunter began the quest for the Orb.
     0 | D:1      | Reached XP level 1. HP: 14/14 MP: 2/2
   179 | D:1      | Gained mutation: You rapidly evolve. [being a sludge elf]
   179 | D:1      | Reached XP level 2. HP: 20/20 MP: 3/3
   724 | D:1      | Reached XP level 3. HP: 16/25 MP: 4/4
   837 | D:2      | Found an opulent altar of Gozag.
   875 | D:2      | Found an iron altar of Okawaru.
  1039 | D:2      | Gained mutation: You possess an exceptional clarity of mind. [evolution]
  1182 | D:2      | Reached skill level 5 in Bows
  1534 | D:2      | Found an ornate altar of the Wu Jian Council.
  1808 | D:2      | Became a worshipper of Warmaster Okawaru
  1896 | D:3      | Reached XP level 4. HP: 28/30 MP: 5/5
  1952 | D:3      | Found an ancient bone altar of Kikubaaqudgha.
  2024 | D:3      | Killed from afar by an orc priest

Skill      XL: |  1  2  3 |
---------------+----------+-----
Bows           | 5 |  5.3
Fighting       | |  2.5
Axes           | |  0.2
Armour         | |  0.8
Dodging        | |  2.0
Stealth        | |  1.1

Action                   |  1- 3 |  4- 6 || total
-------------------------+-------+-------++-------
Melee: Hand axe          |    20 |       ||    20
       Whip              |     3 |       ||     3
 Fire: Shortbow          |    97 |    14 ||   111
  Use: Potion            |     2 |       ||     2
       Scroll            |       |     1 ||     1
  Eat: Chunk             |     1 |     1 ||     2
Armor: Leather armour    |     3 |       ||     3
       Ring mail         |    31 |     4 ||    35
Dodge: Dodged            |    58 |       ||    58
